 Dungeon Crawl Stone Soup version 0.18.1-48-g4cf74bf (webtiles) character file.

412509 nikopol the Phalangite (level 22, -1/309 HPs)
             Began as a Minotaur Berserker on July 5, 2016.
             Was the Champion of Trog.
             Succumbed to a green very ugly thing's poison
             ... on level 5 of the Vaults on July 6, 2016.
             The game lasted 04:04:06 (60636 turns).

nikopol the Phalangite (Minotaur Berserker)        Turns: 60636, Time: 04:04:06

Health: -1/309     AC: 32    Str: 29    XL:     22   Next: 49%
Magic:  21/21      EV: 24    Int:  4    God:    Trog [******]
Gold:   3718       SH:  5    Dex: 18    Spells: 0 memorised, 21 levels left

rFire  . . .     SeeInvis .     x - +7 glaive (chop)
rCold  . . .     Gourm    .     q - +5 scale mail of the Guardian {+Inv rC- Slay+3}
rNeg   . . .     Faith    .     (shield currently unavailable)
rPois  .         Spirit   .     v - +2 hat {MR+}
rElec  .         Dismiss  .     K - +2 cloak {MR+}
rCorr  .         Reflect  +     V - +2 pair of gloves {archery}
SustAt .         Harm     .     n - +1 pair of boots of the Duke {rC+}
MR     ++++.                    I - +5 amulet of reflection
Stlth  ..........               J - +4 ring of protection
                                a - ring of protection from magic

@: berserking, lethally poisoned (-1 -> -122), very quick, incredibly resistant
to hostile enchantments, extremely unstealthy
A: retaliatory headbutt, horns 2
a: Berserk, Trog's Hand, Brothers in Arms, Burn Spellbooks, Renounce Religion,
Evoke Invisibility
}: 2/15 runes: decaying, gossamer


You were on level 5 of the Vaults.
You worshipped Trog.
Trog was exalted by your worship.
You were hungry.

You visited 7 branches of the dungeon, and saw 41 of its levels.
You also visited: Ice Cave.

You collected 5431 gold pieces.
You spent 1713 gold pieces at shops.

Inventory:

Hand Weapons
 c - a +7 longbow of velocity
 x - a +7 glaive of chopping (weapon)
 Y - a +5 antimagic glaive
Missiles
 d - 1945 arrows (quivered)
Armour
 n - the +1 pair of boots of the Duke (worn) {rC+}
   (You bought it in a shop on level 12 of the Dungeon)

   It protects you from cold.
 q - the +5 scale mail of the Guardian (worn) {+Inv rC- Slay+3}
   (You bought it in a shop on level 13 of the Dungeon)

   It affects your accuracy and damage with ranged weapons and melee attacks
   (+3).
   It makes you vulnerable to cold.
   It lets you turn invisible.
 v - a +2 hat of magic resistance (worn)
 K - a +2 cloak of magic resistance (worn)
 V - a +2 pair of gloves of archery (worn)
Jewellery
 a - a ring of protection from magic (left hand)
 h - an uncursed ring of resist corrosion
 D - an uncursed ring of poison resistance
 H - an uncursed ring of protection from cold
 I - a +5 amulet of reflection (around neck)
 J - a +4 ring of protection (right hand)
Wands
 y - a wand of disintegration (17/24)
 F - a wand of hasting (5/9)
 S - a wand of teleportation (5/9)
 X - a wand of digging (12/24)
Scrolls
 e - 8 scrolls of fog
 g - 3 scrolls of recharging
 i - 7 scrolls of identify
 j - 3 scrolls of enchant armour
 l - 14 scrolls of teleportation
 t - 13 scrolls of remove curse
 C - a scroll of brand weapon
 E - 4 scrolls of fear
 N - 7 scrolls of magic mapping
 Q - 4 scrolls of blinking
 W - a scroll of silence
 Z - a scroll of acquirement
Potions
 b - 2 potions of brilliance
 f - 2 potions of invisibility
 m - 9 potions of heal wounds
 o - 4 potions of might
 p - 6 potions of flight
 s - a potion of magic
 u - 4 potions of cure mutation
 w - a potion of cancellation
 A - 2 potions of haste
 B - 15 potions of curing
 L - 3 potions of resistance
 O - 7 potions of agility
Comestibles
 k - 35 fruits
 r - 23 meat rations
 G - 10 beef jerkies
 M - 13 royal jellies
 P - 24 bread rations
 R - 2 slices of pizza


   Skills:
 + Level 19.3 Fighting
 * Level 24.6 Polearms
 - Level 20.0 Bows
 + Level 19.5 Armour
 + Level 17.7 Dodging


You had 21 spell levels left.
You didn't know any spells.

Dungeon Overview and Level Annotations

Branches:
Dungeon (15/15)            Temple (0/1) D:4            Lair (8/8) D:8
  Swamp (4/4) Lair:5       Spider (4/4) Lair:6        Slime (0/6) Lair:6
    Orc (2/2) D:12            Elf (3/3) Orc:2        Vaults (5/5) D:13
  Crypt (0/3) Vaults:2     Depths (0/5) D:15

Altars:
Ashenzari
Cheibriados
Dithmenos
Elyvilon
Kikubaaqudgha
Nemelex Xobeh
Okawaru
Ru
Sif Muna
Trog
Vehumet
Xom
Yredelemnul
Zin
Beogh
Jiyva

Shops:
D:6 *   D:11 [   D:12 [[((   D:13 [   Orc:2 :*[(:   Elf:1 (   Vaults:1 *
Vaults:2 *[?*   Vaults:4 (


Innate Abilities, Weirdness & Mutations

You reflexively headbutt those who attack you in melee.
You have a pair of horns on your head.


Message History

* * * LOW HITPOINT WARNING * * *
You feel very sick. The vault guard completely misses you.
The phantasmal warrior blinks!
The vault guard hits you from afar with a halberd.
* * * LOW HITPOINT WARNING * * *
You block the vault guard's attack. x2
The small abomination completely misses you.
You furiously retaliate!
You headbutt the small abomination!
You carve the small abomination like a ham!!!
You destroy the small abomination!
Your life force feels restored.
* * * LOW HITPOINT WARNING * * *
You feel very sick.
You hear a shout! x2
The vault warden hits you with a dire flail!
* * * LOW HITPOINT WARNING * * *
The vault guard hits you but does no damage.
The green very ugly thing completely misses you.
The large abomination hits you but does no damage.
You die...

#....# # #....# #.
#....# ###..#....# ###
.....#....#....
.u........u....
####.p.....p###########
....pp.<<.CTpup@.......
.....p<..ppppp(XW......
.......<<..ppppx.......
...........CDCc........
####.......p###########
.D.....§..#
...§.%..#..C#
....#....##... ...


You could see a golden dragon, a green very ugly thing, 2 vault wardens, a
yaktaur captain, 11 vault guards, 3 ettins, a deep troll, a large abomination, a
phantasmal warrior and a small abomination.

Vanquished Creatures
  Margery (Vaults:2)
  A tentacled monstrosity (Vaults:5)
  Rupert (D:14)
  2 deep elf master archers (Elf:3)
  2 deep elf blademasters (Elf:3)
  Asterion (Elf:2)
  2 thorn hunters
  Gastronok (D:10)
  A shadow dragon (Vaults:5)
  Agnes (D:14)
  Wiglaf (Vaults:2)
  2 fire giants
  2 orc warlords (Orc:2)
  A frost giant (Vaults:3)
  Maud (Lair:6)
  17 vault wardens
  Louise (Swamp:3)
  Donald (Spider:4)
  7 deep elf sorcerers
  4 ghost moths
  3 deep elf elementalists (Elf:3)
  22 ironheart preservers
  3 emperor scorpions
  A war gargoyle (Vaults:4)
  9 stone giants
  10 very ugly things
  7 deep elf demonologists
  2 salamander stormcallers
  Nessos (D:14)
  9 deep elf annihilators
  Azrael (D:13)
  3 spark wasps
  4 deep elf death magi
  The ghost of Rationalist the Blocker, a journeyman FoFi of Qazlal (Lair:3)
  3 fire dragons
  Snorg (D:12)
  An ettin (Vaults:5)
  6 yaktaur captains
  20 vault guards
  2 deep elf high priests (Elf:3)
  Josephine (Lair:8)
  8 ogre magi
  5 ice dragons
  The ghost of Malvoorn the Bludgeoner, a novice OgGl of Ru (D:9)
  12 hydras
  Erolcha (D:12)
  3 entropy weavers
  3 great orbs of eyes
  3 catoblepae
  5 ghost crabs
  12 centaur warriors
  2 death knights
  7 alligators
  Erica (Orc:1)
  A satyr (shapeshifter) (Vaults:1)
  26 dancing weapons
  4 death yaks (Lair:7)
  3 deep troll shamans
  8 deep troll earth magi
  5 orc high priests
  27 deep elf knights
  Urug (D:10)
  3 hell knights (Vaults:2)
  Nergalle (D:10)
  A fire crab (Vaults:3)
  A storm dragon skeleton (Vaults:2)
  8 skeletal warriors
  An unseen horror (Vaults:1)
  A swamp dragon (Swamp:3)
  2 flayed ghosts
  12 deep trolls
  A shambling mangrove (Swamp:3)
  2 giant orange brains
  An obsidian statue (D:10)
  2 phantasmal warriors
  20 deep elf archers
  2 wizards
  8 harpies
  An orange crystal statue (D:10)
  7 hill giants
  8 ironbrand convokers
  A lindwurm (Lair:8)
  17 orb spiders
  A wolf spider zombie (D:14)
  An oklob plant (Lair:2)
  Pikel (D:7)
  A harpy (shapeshifter) (Elf:3)
  16 orc knights
  38 ugly things
  24 wolf spiders
  2 necromancers (Vaults:2)
  A sphinx skeleton (Vaults:2)
  8 griffons
  9 orc sorcerers
  83 deep elf magi
  12 slime creatures
  8 hornets
  3 cyclopes
  3 salamanders (Vaults:3)
  3 manticores
  2 ice statues (IceCv)
  A stone giant skeleton (Vaults:2)
  Maurice (D:10)
  2 moths of wrath
  11 vault sentinels
  6 black mambas
  9 elephants
  A black mamba (shapeshifter) (Vaults:3)
  3 gargoyles (D:13)
  A spiny frog (shapeshifter) (D:12)
  8 torpor snails
  22 spiny frogs
  5 rime drakes
  A komodo dragon (shapeshifter) (D:13)
  48 yaktaurs
  3 yaktaurs (shapeshifter)
  7 komodo dragons
  2 small abominations (Vaults:5)
  A kobold demonologist (D:15)
  7 freezing wraiths
  4 centaur skeletons
  19 demonic crawlers
  9 ice devils (IceCv)
  6 human skeletons (Vaults:2)
  A queen bee (Lair:4)
  A yaktaur skeleton (Vaults:2)
  42 jumping spiders
  A troll (shapeshifter) (Vaults:3)
  13 trolls
  A wind drake (shapeshifter) (D:13)
  2 polar bears (shapeshifter)
  12 giant leeches
  17 blink frogs
  18 two-headed ogres
  6 boulder beetles
  A hornet zombie (D:14)
  Prince Ribbit (D:5)
  A blink frog (shapeshifter) (D:13)
  Grinder (D:4)
  2 polar bears (Lair:4)
  2 bog bodies (Swamp:1)
  2 stone giant simulacra
  A centaur simulacrum (D:14)
  2 shadows
  78 redbacks
  7 spriggans
  6 air elementals
  4 wyverns
  45 yaks
  2 ettin skeletons (Vaults:2)
  4 fire elementals
  35 tarantellas
  13 wraiths
  Eustachio (D:5)
  7 basilisks
  33 vampire mosquitoes
  2 water elementals
  12 hippogriffs
  4 steam dragons
  A hog (shapeshifter) (Vaults:1)
  5 swamp worm simulacra (Swamp:4)
  3 hungry ghosts
  12 swamp worms
  8 mottled dragons
  6 wargs
  A soldier ant (D:15)
  3 hell hounds (D:13)
  28 insubstantial wisps
  13 hydra simulacra (Swamp:4)
  13 porcupines
  10 swamp drakes
  19 water moccasins
  69 orc warriors
  2 slaves (D:7)
  A phantom (D:4)
  10 ice beasts
  15 wasps
  A necrophage (D:9)
  2 black bears
  7 sky beasts
  20 wolves
  37 ogres
  24 centaurs
  24 crocodiles
  20 giant frogs
  A big kobold (D:10)
  Blork the orc (D:5)
  A giant frog (shapeshifter) (Vaults:4)
  2 gnoll sergeants
  5 earth elementals
  8 scorpions
  33 killer bees
  7 wights
  6 electric eels
  8 howler monkeys
  16 crimson imps
  2 human simulacra
  4 jellies
  A wasp zombie (D:13)
  A wyvern simulacrum (D:14)
  A giant frog zombie (D:12)
  7 hounds
  3 centaur zombies
  Crazy Yiuf (D:6)
  32 orc priests
  3 giant frog skeletons
  43 orc wizards
  16 iguanas
  10 worker ants
  4 hell rats (Lair:7)
  A killer bee zombie (D:6)
  23 sheep
  A hound zombie (D:8)
  A worker ant zombie (D:11)
  21 adders
  11 gnolls
  91 river rats
  8 shadow imps
  9 white imps (IceCv)
  3 swamp drake simulacra (Swamp:4)
  5 ufetubi (IceCv)
  An ooze (D:7)
  2 adder zombies
  21 worms
  2 dart slugs
  8 giant geckos
  152 orcs
  A bat zombie (D:6)
  9 giant cockroaches
  5 goblins
  6 hobgoblins
  9 jackals
  10 quokkas
  2 ball pythons
  8 bats
  3 giant newts
  A jackal skeleton (D:7)
  8 kobolds
  10 rats
  3 rat zombies (D:6)
  6 crawling corpses (Elf:3)
  4 fungi
  6 plants
2192 creatures vanquished.

Vanquished Creatures (collateral kills)
  Frances (D:13)
  A vault warden (Vaults:1)
  A yaktaur (Vaults:1)
3 creatures vanquished.

Vanquished Creatures (others)
  Aizul (Swamp:2)
  An ogre mage (Vaults:2)
  An orc high priest (Orc:2)
  A spriggan druid (Swamp:4)
  4 deep elf archers
  A deep elf mage (Elf:3)
  A cyclops (D:12)
  2 yaktaurs (Vaults:1)
  A spriggan (Swamp:4)
  A water elemental (Elf:1)
  An insubstantial wisp (Swamp:1)
  2 swamp worms (Swamp:4)
  A swamp drake (Swamp:4)
  A centaur (D:13)
  An orc wizard (Orc:1)
  2 white imps (IceCv)
  An ufetubus (IceCv)
  An orc (D:11)
  6 fungi
30 creatures vanquished.

Grand Total: 2225 creatures vanquished

Notes
Turn   | Place    | Note
--------------------------------------------------------------
     0 | D:1      | nikopol the Minotaur Berserker began the quest for the Orb.
     0 | D:1      | Reached XP level 1. HP: 19/19 MP: 0/0
   165 | D:1      | Reached XP level 2. HP: 25/27 MP: 1/1
   313 | D:1      | Reached skill level 4 in Polearms
   404 | D:1      | Reached ** piety under Trog
   561 | D:2      | Found a shadowy altar of Dithmenos.
   628 | D:2      | Reached XP level 3. HP: 28/33 MP: 2/2
   641 | D:2      | Found a shattered altar of Ashenzari.
   966 | D:2      | Reached XP level 4. HP: 26/40 MP: 3/3
  1585 | D:3      | Reached *** piety under Trog
  1594 | D:3      | Reached XP level 5. HP: 47/47 MP: 4/4
  1694 | D:3      | Reached skill level 5 in Polearms
  1997 | D:3      | Found a snail-covered altar of Cheibriados.
  1997 | D:3      | Found a glowing silver altar of Zin.
  2263 | D:4      | Noticed a sky beast
  2280 | D:4      | Killed a sky beast
  2280 | D:4      | Reached skill level 5 in Fighting
  2280 | D:4      | Reached XP level 6. HP: 41/56 MP: 5/5
  2623 | D:4      | Found a staircase to the Ecumenical Temple.
  2680 | D:4      | Got a faintly glowing whip
  3081 | D:4      | Reached skill level 6 in Polearms
  3081 | D:4      | Reached XP level 7. HP: 62/62 MP: 6/6
  3085 | D:4      | Identified the +5 whip of the Lurker {venom, rElec rPois} (You found it on level 4 of the Dungeon)
  3144 | D:4      | Noticed Grinder
  3164 | D:4      | Killed Grinder
  3164 | D:4      | Reached skill level 5 in Armour
  3164 | D:4      | Reached skill level 5 in Dodging
  3574 | D:5      | Entered Level 5 of the Dungeon
  3584 | D:5      | Found a deep blue altar of Sif Muna.
  3595 | D:5      | Noticed Blork the orc
  3601 | D:5      | Killed Blork the orc
  3797 | D:5      | Reached XP level 8. HP: 57/71 MP: 7/7
  3926 | D:5      | Noticed Eustachio
  3934 | D:5      | Killed Eustachio
  3934 | D:5      | Reached skill level 7 in Polearms
  4001 | D:5      | Found a shimmering altar of Xom.
  4034 | D:5      | Reached **** piety under Trog
  4453 | D:5      | Noticed Prince Ribbit
  4463 | D:5      | Killed Prince Ribbit
  4894 | D:6      | Reached skill level 8 in Polearms
  5035 | D:6      | Reached XP level 9. HP: 25/81 MP: 8/8
  5451 | D:6      | Reached skill level 1 in Bows
  5603 | D:6      | Found an ancient bone altar of Kikubaaqudgha.
  5877 | D:6      | Found Qeogoam's Serpentskin Sales.
  5965 | D:6      | Reached ***** piety under Trog
  6091 | D:6      | Noticed Crazy Yiuf
  6096 | D:6      | Killed Crazy Yiuf
  6377 | D:7      | Reached skill level 9 in Polearms
  6612 | D:7      | Noticed Pikel
  6623 | D:7      | Killed Pikel
  7080 | D:8      | Received a gift from Trog
  7149 | D:8      | Reached XP level 10. HP: 65/90 MP: 9/9
  7373 | D:8      | Reached skill level 5 in Bows
  7444 | D:8      | Found a staircase to the Lair.
  7526 | D:8      | Found an iron altar of Okawaru.
  7526 | D:8      | Found a radiant altar of Vehumet.
  7981 | Lair:1   | Entered Level 1 of the Lair of Beasts
  8075 | Lair:1   | Reached skill level 10 in Polearms
  8953 | Lair:1   | Received a gift from Trog
  8983 | Lair:1   | Noticed a black mamba
  8992 | Lair:1   | Killed a black mamba
  9207 | Lair:1   | Reached skill level 11 in Polearms
  9222 | Lair:1   | Reached XP level 11. HP: 89/97 MP: 10/10
  9267 | Lair:1   | Noticed an eight-headed hydra
  9278 | Lair:1   | Killed an eight-headed hydra
  9523 | Lair:1   | Noticed a five-headed hydra
  9540 | Lair:1   | Killed a five-headed hydra
  9898 | Lair:1   | Reached skill level 10 in Armour
  9964 | Lair:1   | Reached skill level 10 in Fighting
 10118 | Lair:1   | Received a gift from Trog
 10338 | Lair:2   | Reached skill level 12 in Polearms
 10494 | Lair:2   | Found a sparkling altar of Nemelex Xobeh.
 10494 | Lair:2   | Noticed an oklob plant
 10559 | Lair:2   | Killed an oklob plant
 11356 | Lair:2   | Received a gift from Trog
 11451 | Lair:3   | Found a frozen archway.
 11451 | Lair:3   | Noticed Rationalist's ghost (journeyman FoFi)
 11487 | Lair:3   | Killed Rationalist's ghost
 11487 | Lair:3   | Reached XP level 12. HP: 107/107 MP: 11/11
 11513 | IceCv    | Entered an ice cave
 11556 | IceCv    | Received a gift from Trog
 12868 | Lair:3   | Received a gift from Trog
 12868 | Lair:3   | Reached skill level 13 in Polearms
 12936 | Lair:3   | Reached skill level 10 in Bows
 13453 | Lair:3   | Reached skill level 10 in Dodging
 13628 | Lair:4   | Noticed a five-headed hydra
 13652 | Lair:4   | Killed an eight-headed hydra
 13884 | Lair:4   | Got a slimy triple sword
 13885 | Lair:4   | Identified the +8 triple sword of Xom's Pride {slice, rC+} (You found it on level 4 of the Lair of Beasts)
 14902 | Lair:4   | Received a gift from Trog
 14902 | Lair:4   | Reached XP level 13. HP: 116/116 MP: 4/12
 15236 | Lair:5   | Reached skill level 14 in Polearms
 15239 | Lair:5   | Found a staircase to the Swamp.
 16000 | Lair:5   | Received a gift from Trog
 16515 | Lair:6   | Found a hole to the Spider Nest.
 16540 | Lair:6   | Reached ****** piety under Trog
 16549 | Lair:6   | Noticed Maud
 16574 | Lair:6   | Killed Maud
 17110 | Lair:6   | Got a crystal lajatang
 17111 | Lair:6   | Identified the cursed +1 lajatang "Tusio" {elec, +Fly rElec rC-} (You found it on level 6 of the Lair of Beasts)
 17487 | Lair:6   | Found a viscous altar of Jiyva.
 17487 | Lair:6   | Found a staircase to the Slime Pits.
 17789 | Lair:7   | Received a gift from Trog
 18141 | Lair:7   | Reached skill level 15 in Polearms
 18453 | Lair:7   | Reached XP level 14. HP: 123/126 MP: 13/13
 18742 | Lair:7   | Received a gift from Trog
 18882 | Lair:8   | Entered Level 8 of the Lair of Beasts
 18899 | Lair:8   | Noticed Josephine
 19183 | Lair:8   | Received a gift from Trog
 19210 | Lair:8   | Killed Josephine
 19558 | Lair:8   | Received a gift from Trog
 20030 | Lair:8   | Received a gift from Trog
 20615 | Lair:8   | Found a runed door.
 20796 | Lair:8   | Received a gift from Trog
 21756 | D:9      | Got a steaming ring mail
 21790 | D:9      | Identified the +1 ring mail of Wammet {Dex+4} (You found it on level 9 of the Dungeon)
 22112 | D:9      | Received a gift from Trog
 22117 | D:9      | Noticed Malvoorn's ghost (novice OgGl)
 22126 | D:9      | Killed Malvoorn's ghost
 22383 | D:9      | Found a white marble altar of Elyvilon.
 22388 | D:9      | Found a sacrificial altar of Ru.
 22388 | D:9      | Found a bloodstained altar of Trog.
 22502 | D:10     | Entered Level 10 of the Dungeon
 22563 | D:10     | Lost intelligence.
 22596 | D:10     | Lost intelligence.
 22607 | D:10     | Noticed Urug
 22984 | D:10     | Killed Urug
 23010 | D:10     | Noticed Gastronok
 23022 | D:10     | Killed Gastronok
 23022 | D:10     | Reached skill level 16 in Polearms
 23224 | D:10     | Received a gift from Trog
 23432 | D:10     | Noticed Maurice
 23443 | D:10     | Killed Maurice
 23564 | D:10     | Received a gift from Trog
 23717 | D:10     | Got a translucent lead ring
 23808 | D:10     | Noticed Nergalle
 23814 | D:10     | Killed Nergalle
 24112 | D:11     | Found a basalt altar of Yredelemnul.
 24181 | D:11     | Found Zaza's Antique Armour Boutique.
 24649 | D:11     | Reached XP level 15. HP: 56/136 MP: 14/14
 24939 | D:11     | Received a gift from Trog
 25133 | D:11     | Identified the ring of the Evil One {MP+9 AC+2 Int+3} (You found it on level 10 of the Dungeon)
 25371 | D:12     | Noticed Snorg
 25379 | D:12     | Killed Snorg
 25402 | D:12     | Found a staircase to the Orcish Mines.
 25410 | D:12     | Found Lutu's Armour Boutique.
 25527 | D:12     | Found Zaten's Antique Weapon Emporium.
 25536 | D:12     | Found Casohapa's Antique Weapon Shop.
 25613 | D:12     | Found a shadowy altar of Dithmenos.
 25820 | D:12     | Noticed Erolcha
 25824 | D:12     | Killed Erolcha
 25826 | D:12     | Found Onat's Armour Shop.
 26034 | Orc:1    | Entered Level 1 of the Orcish Mines
 26046 | Orc:1    | Noticed Erica
 26057 | Orc:1    | Killed Erica
 26236 | Orc:2    | Entered Level 2 of the Orcish Mines
 26315 | Orc:2    | Received a gift from Trog
 26387 | Orc:2    | Found a staircase to the Elven Halls.
 26759 | Orc:2    | Received a gift from Trog
 27058 | Orc:2    | Found a bloodstained altar of Trog.
 27312 | Orc:1    | Found a roughly hewn altar of Beogh.
 27874 | Orc:2    | Found Qaytopryi's Book Emporium.
 27885 | Orc:2    | Noticed an orc warlord
 27896 | Orc:2    | Killed an orc warlord
 27902 | Orc:2    | Received a gift from Trog
 28058 | Orc:2    | Noticed an orc warlord
 28121 | Orc:2    | Killed an orc warlord
 28773 | Orc:2    | Reached skill level 17 in Polearms
 28812 | Orc:2    | Found Min Odghioku's Antique Armour Shop.
 28813 | Orc:2    | Found Effenlya's Antique Weapon Boutique.
 28814 | Orc:2    | Found Nebant's General Store.
 28814 | Orc:2    | Found Vaffom's Book Shop.
 29339 | D:11     | Bought an encrusted chain mail for 218 gold pieces
 29349 | D:11     | Identified the cursed +0 chain mail of Lomiol {SInv} (You bought it in a shop on level 11 of the Dungeon)
 29388 | D:11     | Bought a crude ring mail for 207 gold pieces
 29388 | D:11     | Bought a distressingly furry ring mail for 207 gold pieces
 29393 | D:11     | Identified the +6 ring mail of Nihilism {+Inv Int+4 Dex+6} (You bought it in a shop on level 11 of the Dungeon)
 29403 | D:11     | Identified the cursed +0 ring mail "Noeg" {+Fly rElec MR+++ Dex-3} (You bought it in a shop on level 11 of the Dungeon)
 29517 | Orc:2    | Bought a transparent ring mail for 288 gold pieces
 29528 | Orc:2    | Identified the +1 ring mail "Linitieme" {Int+7} (You bought it in a shop on level 2 of the Orcish Mines)
 29631 | D:12     | Bought the +1 pair of boots of the Duke {rC+} for 352 gold pieces
 29859 | Swamp:1  | Entered Level 1 of the Swamp
 29868 | Swamp:1  | Noticed a thorn hunter
 29882 | Swamp:1  | Killed a thorn hunter
 30163 | Swamp:1  | Reached skill level 15 in Bows
 30280 | Swamp:1  | Received a gift from Trog
 30690 | Swamp:2  | Noticed Aizul
 30707 | Swamp:2  | Killed Aizul
 31383 | Swamp:2  | Noticed a thorn hunter
 31393 | Swamp:2  | Killed a thorn hunter
 31393 | Swamp:2  | Reached XP level 16. HP: 94/146 MP: 15/15
 31555 | Swamp:2  | Received a gift from Trog
 31591 | Swamp:2  | Got a coiled jade amulet
 32188 | Swamp:3  | Noticed Louise
 32201 | Swamp:3  | Killed Louise
 32463 | Swamp:3  | Received a gift from Trog
 33125 | Swamp:4  | Entered Level 4 of the Swamp
 34209 | Swamp:4  | Reached skill level 18 in Polearms
 34252 | Swamp:4  | Received a gift from Trog
 34292 | Swamp:4  | Got a decaying rune of Zot
 35065 | D:13     | Found a gate to the Vaults.
 35194 | D:13     | Received a gift from Trog
 35233 | D:13     | Noticed Azrael
 35269 | D:13     | Killed Azrael
 35293 | D:13     | Identified the amulet of Barof {Regen+ Int+4 Dex+3} (You found it on level 2 of the Swamp)
 35336 | D:13     | Found Rerot's Antique Armour Shop.
 35353 | D:13     | Bought a crude scale mail for 306 gold pieces
 35363 | D:13     | Identified the +5 scale mail of the Guardian {+Inv rC- Slay+3} (You bought it in a shop on level 13 of the Dungeon)
 35631 | D:13     | Noticed Frances
 35642 | D:13     | Killed Frances
 35951 | D:14     | Noticed Rupert
 35964 | D:14     | Killed Rupert
 36062 | D:14     | Noticed Nessos
 36068 | D:14     | Killed Nessos
 36213 | D:14     | Noticed Agnes
 36217 | D:14     | Killed Agnes
 36347 | D:14     | Reached skill level 15 in Fighting
 36462 | D:14     | Reached XP level 17. HP: 156/156 MP: 16/16
 36745 | D:14     | Reached skill level 15 in Armour
 36795 | D:15     | Entered Level 15 of the Dungeon
 37026 | D:15     | Received a gift from Trog
 37265 | D:15     | Found a staircase to the Depths.
 38113 | Spider:1 | Entered Level 1 of the Spider Nest
 38145 | Spider:1 | Received a gift from Trog
 38718 | Spider:1 | Received a gift from Trog
 38733 | Spider:1 | Got a faintly glowing ring mail
 38839 | Spider:1 | Reached skill level 19 in Polearms
 39270 | Spider:2 | Received a gift from Trog
 39288 | Spider:2 | Identified the +5 ring mail of Sin Veb {MR++} (You found it on level 1 of the Spider Nest)
 40333 | Spider:3 | Received a gift from Trog
 40655 | Spider:3 | Received a gift from Trog
 40736 | Spider:3 | HP: 7/157 [spark wasp (16)]
 40748 | Spider:3 | HP: 3/157 [jumping spider (11)]
 41622 | Spider:4 | Entered Level 4 of the Spider Nest
 41837 | Spider:4 | Reached XP level 18. HP: 166/166 MP: 17/17
 41990 | Spider:4 | Received a gift from Trog
 42228 | Spider:4 | Noticed Donald
 42234 | Spider:4 | Killed Donald
 42236 | Spider:4 | Received a gift from Trog
 42794 | Spider:4 | Got a gossamer rune of Zot
 43169 | Spider:4 | Reached skill level 20 in Polearms
 43867 | Vaults:1 | Entered Level 1 of the Vaults
 43871 | Vaults:1 | Received a gift from Trog
 43900 | Vaults:1 | Got a pitted triple sword {god gift}
 43901 | Vaults:1 | Identified the +11 triple sword of Generosity {freeze, *Corrode rN++} (Trog gifted it to you on level 1 of the Vaults)
 44393 | Vaults:1 | Identified a scroll of acquirement
 44395 | Vaults:1 | Got a translucent shield
 44402 | Vaults:1 | Identified the -7 shield of Bedevilment {Str+2} (You acquired it on level 1 of the Vaults)
 44485 | Vaults:1 | Found Ifarphal's Assorted Antiques.
 45636 | Vaults:1 | Reached skill level 15 in Dodging
 45723 | Vaults:1 | Received a gift from Trog
 45751 | Vaults:1 | Reached XP level 19. HP: 129/174 MP: 18/18
 46084 | Vaults:1 | Received a gift from Trog
 47367 | Vaults:1 | Received a gift from Trog
 47402 | Vaults:1 | Reached skill level 21 in Polearms
 47590 | Vaults:1 | Received a gift from Trog
 47953 | Vaults:2 | Found Potil's General Store.
 47980 | Vaults:2 | Found Yteyde's Magic Scroll Emporium.
 48007 | Vaults:2 | Bought a scroll of enchant weapon for 135 gold pieces
 48085 | Vaults:2 | Noticed Wiglaf
 48098 | Vaults:2 | Killed Wiglaf
 48098 | Vaults:2 | Received a gift from Trog
 48149 | Vaults:2 | Found Ymuarome's Armour Shoppe.
 48176 | Vaults:2 | Found Lokin's General Store.
 48348 | Vaults:2 | Noticed Margery
 48373 | Vaults:2 | Killed Margery
 48979 | Vaults:2 | Received a gift from Trog
 49405 | Vaults:2 | Found a staircase to the Crypt.
 50123 | Vaults:2 | Reached XP level 20. HP: 177/184 MP: 19/19
 50427 | Vaults:3 | Received a gift from Trog
 50586 | Vaults:3 | Received a gift from Trog
 51059 | Vaults:3 | Received a gift from Trog
 51059 | Vaults:3 | Reached skill level 22 in Polearms
 51192 | Vaults:3 | Received a gift from Trog
 52337 | Elf:1    | Entered Level 1 of the Elven Halls
 52360 | Elf:1    | Found Jokketom's Weapon Shoppe.
 52606 | Elf:1    | Received a gift from Trog
 53074 | Elf:1    | Noticed a Tzitzimitl
 53577 | Elf:2    | Received a gift from Trog
 53863 | Elf:2    | Reached XP level 21. HP: 193/193 MP: 20/20
 54017 | Elf:2    | Found a huge runed gate.
 54017 | Elf:2    | Found a huge runed gate.
 54017 | Elf:2    | Found a huge runed gate.
 54017 | Elf:2    | Found a huge runed gate.
 54017 | Elf:2    | Found a huge runed gate.
 54226 | Elf:2    | Noticed Asterion
 54236 | Elf:2    | Killed Asterion
 54765 | Elf:2    | Received a gift from Trog
 54768 | Elf:2    | Reached skill level 23 in Polearms
 55649 | Elf:3    | Entered Level 3 of the Elven Halls
 56012 | Elf:3    | Received a gift from Trog
 56544 | Elf:3    | Got an ebony battleaxe
 56545 | Elf:3    | Identified the +7 battleaxe of Onwokate {chop, *Drain rPois rF+ Stlth+} (You found it on level 3 of the Elven Halls)
 56551 | Elf:3    | Got an iridescent war axe
 56552 | Elf:3    | Identified the +5 war axe of the Magi {venom, *Drain rC+++ MR- Stlth+} (You found it on level 3 of the Elven Halls)
 56558 | Elf:3    | Got a warped shortbow
 56559 | Elf:3    | Identified the cursed +1 shortbow "Kaqemess" {speed, Str+4 Int+5 Stlth+} (You found it on level 3 of the Elven Halls)
 57639 | Elf:3    | Received a gift from Trog
 58247 | Vaults:4 | Got a jewelled plate armour
 58258 | Vaults:4 | Identified the +4 plate armour of Feasting {rCorr} (You found it on level 4 of the Vaults)
 58284 | Vaults:4 | Received a gift from Trog
 58948 | Vaults:4 | Received a gift from Trog
 58948 | Vaults:4 | Reached skill level 24 in Polearms
 59145 | Vaults:4 | Reached XP level 22. HP: 204/204 MP: 21/21
 59315 | Vaults:4 | Received a gift from Trog
 59557 | Vaults:4 | Found Rotzafil's Weapon Shoppe.
 59999 | Vaults:4 | Received a gift from Trog
 60484 | Vaults:4 | Received a gift from Trog
 60571 | Vaults:5 | Entered Level 5 of the Vaults
 60605 | Vaults:5 | Noticed a golden dragon
 60635 | Vaults:5 | HP: 14/309 [poisoned by a green very ugly thing]
 60635 | Vaults:5 | HP: 5/309 [vault warden/dire flail (9)]
 60636 | Vaults:5 | Succumbed to a green very ugly thing's poison

Skill      XL: |  1  2  3  4  5  6  7  8  9 10 11 12 13 14 15 16 17 18 19 20 21 22 |
---------------+-------------------------------------------------------------------+-----
Polearms       | 4 5 6 8 9 11 12 13 15 16 17 18 19 20 21 22 24 | 24.6
Fighting       | 4 5 6 7 8 9 10 11 12 13 14 15 16 17 18 19 | 19.3
Armour         | 3 4 5 7 8 9 10 11 12 13 14 15 16 17 18 19 | 19.5
Dodging        | 3 4 5 6 7 8 9 10 11 12 13 14 15 16 17 | 17.7
Bows           | 4 7 9 10 12 13 15 16 17 18 19 20 | 20.0

Action                   |  1- 3 |  4- 6 |  7- 9 | 10-12 | 13-15 | 16-18 | 19-21 | 22-24 || total
-------------------------+-------+-------+-------+-------+-------+-------+-------+-------++-------
Melee: Spear             |   113 |   168 |   374 |   781 |       |       |       |       ||  1436
       Headbutt          |    10 |    18 |    63 |   250 |   252 |   278 |   199 |    47 ||  1117
       Halberd           |       |       |       |   223 |   127 |       |       |       ||   350
       Demon trident     |       |       |       |       |   959 |  1029 |    70 |       ||  2058
       Longbow           |       |       |       |       |       |     1 |       |       ||     1
       Glaive            |       |       |       |       |       |       |   794 |   164 ||   958
 Fire: Shortbow          |       |       |    49 |   376 |    95 |       |       |       ||   520
       Longbow           |       |       |       |       |   983 |   929 |  1049 |   131 ||  3092
Invok: Berserk           |       |     2 |     8 |     7 |     5 |     7 |     2 |     1 ||    32
       Trog's Hand       |       |     1 |       |     1 |       |     1 |       |       ||     3
       Burn Spellbooks   |       |       |     2 |     3 |     2 |     7 |     4 |       ||    18
       Brothers in Arms  |       |       |       |       |       |       |     1 |     1 ||     2
  Use: Scroll            |       |       |    12 |    10 |    23 |    15 |    16 |     1 ||    77
       Potion            |       |       |       |       |     4 |     1 |     1 |       ||     6
 Stab: Sleeping          |     1 |       |       |       |       |       |       |       ||     1
       Distracted        |       |       |       |       |     1 |     1 |     1 |       ||     3
       Petrified         |       |       |       |       |     1 |       |       |       ||     1
  Eat: Chunk             |       |     9 |    21 |    27 |    54 |    54 |    42 |     3 ||   210
       Pizza             |       |       |     1 |     1 |     1 |       |       |     1 ||     4
       Fruit             |       |       |       |     2 |       |     1 |     2 |       ||     5
       Beef jerky        |       |       |       |     1 |     3 |       |       |       ||     4
Armor: Animal skin       |     8 |       |       |       |       |       |       |       ||     8
       Ring mail         |    17 |    28 |    52 |   132 |    40 |    90 |       |       ||   359
       Troll leather arm |       |       |       |     2 |       |       |       |       ||     2
       Chain mail        |       |       |       |       |   333 |       |       |       ||   333
       Scale mail        |       |       |       |       |    10 |   318 |   211 |    59 ||   598
Dodge: Dodged            |    48 |    68 |   118 |   343 |   541 |   732 |   485 |   115 ||  2450
Block: Other             |       |       |     5 |   113 |   161 |   187 |   128 |    34 ||   628
       Reflection        |       |       |       |     2 |     7 |    12 |    42 |     7 ||    70
